 Dungeon Crawl Stone Soup version 0.22.1-1-ga44c0e5 (webtiles) character file.

9545 WhatTheFk the Cleaver (level 11, -2/86 HPs)
             Began as a Demonspawn Gladiator on Oct 23, 2018.
             Was a Believer of Wu Jian.
             Killed from afar by an efreet (23 damage)
             ... with a fireball
             ... on level 11 of the Dungeon.
             The game lasted 00:29:22 (11146 turns).

WhatTheFk the Cleaver (Demonspawn Gladiator)       Turns: 11146, Time: 00:29:23

Health: -2/86      AC: 16    Str: 19    XL:     11   Next: 24%
Magic:  21/21      EV:  6    Int:  9    God:    Wu Jian [**....]
Gold:   582        SH: 10    Dex: 14    Spells: 10/10 levels left

rFire    . . .     SeeInvis .   a - +2 hand axe (venom)
rCold    . . .     Gourm    .   U - +0 shield
rNeg     . . .     Faith    .   l - +1 chain mail
rPois    +         Spirit   .   (helmet restricted)
rElec    .         Reflect  +   w - +2 cloak
rCorr    .         Harm     .   (no gloves)
MR       .....                  (no boots)
Stlth    ..........             H - +2 amulet of reflection
HPRegen  0.24/turn              I - ring of magical power
MPRegen  0.17/turn              V - ring of poison resistance (curse)

@: no status effects
A: horns 2, rugged brown scales 1, powered by death 2, powered by pain 1
a: Wall Jump, Renounce Religion


You were on level 11 of the Dungeon.
You worshipped Wu Jian.
Wu Jian was pleased with you.
You were near starving.

You visited 1 branch of the dungeon, and saw 11 of its levels.
You also visited: Sewer.

You collected 582 gold pieces.

Inventory:

Hand Weapons
 a - a +2 hand axe of venom (weapon)
 b - a +2 hand axe of chopping
 s - a +0 halberd of chopping
 S - a +3 hand axe of draining
Missiles
 d - 3 throwing nets (quivered)
 k - 221 stones
Armour
 l - a +1 chain mail (worn)
 w - a +2 cloak (worn)
 E - a +0 troll leather armour
 U - a +0 shield (worn)
Jewellery
 o - an uncursed ring of ice
 r - an uncursed ring of resist corrosion
 H - a +2 amulet of reflection (around neck)
 I - a ring of magical power (left hand)
 Q - an uncursed ring of ice
 V - a cursed ring of poison resistance (right hand)
Wands
 e - a wand of random effects (17)
 M - a wand of scattershot (6)
 P - a wand of clouds (6)
 T - a wand of iceblast (3)
Scrolls
 g - a scroll of enchant weapon
 h - 5 scrolls of teleportation
 i - 9 scrolls of remove curse
 n - 3 scrolls of amnesia
 y - 2 scrolls of magic mapping
 B - a scroll of immolation {unknown}
 C - 2 scrolls of noise {unknown}
 D - 4 scrolls of fog {unknown}
 J - a scroll of fear {unknown}
 K - a scroll of vulnerability {unknown}
 L - 2 scrolls of blinking {unknown}
 O - a scroll of brand weapon {unknown}
 R - a scroll of random uselessness {unknown}
Potions
 c - a potion of haste {unknown}
 j - a potion of brilliance {unknown}
 m - 4 potions of flight
 p - 5 potions of curing
 q - 2 potions of heal wounds
 u - 3 potions of lignification
 v - a potion of resistance {unknown}
 x - a potion of magic {unknown}
 z - a potion of ambrosia {unknown}
 A - a potion of cancellation {unknown}
 F - a potion of invisibility {unknown}
 G - 2 potions of berserk rage
 N - 2 potions of mutation {unknown}
Comestibles
 f - 17 rations


   Skills:
 + Level 7.3 Fighting
 + Level 12.1 Axes
 - Level 1.7 Throwing
 + Level 8.2 Armour
 - Level 2.6 Dodging
 + Level 2.0 Shields
 + Level 1.3 Evocations


You had 10 spell levels left.
You didn't know any spells.
Your spell library contained the following spells:

 Spells                   Type           Power        Failure   Level  Hunger
 Animate Skeleton         Necr           N/A          100%        1    ##.....
 Pain                     Necr           #...         100%        1    ##.....
 Regeneration             Chrm/Necr      #.........   100%        3    ####...
 Vampiric Draining        Necr           #.........   100%        3    ####...
 Animate Dead             Necr           N/A          100%        4    #####..


Dungeon Overview and Level Annotations

Branches:
Dungeon (11/15)            Temple (0/1) D:6            Lair (0/6) D:10
    Orc: D:9-12

Altars:
Dithmenos
Fedhas
Gozag
Hepliaklqana
Okawaru
Qazlal
Sif Muna
Vehumet
Wu Jian
Zin
The Shining One

Annotations:
D:9 exclusion: downstairs
D:10 exclusion: 8 doors


Innate Abilities, Weirdness & Mutations

You have a pair of horns on your head.
You are partially covered in rugged brown scales. (AC +1, +3% HP)
You regenerate health from kills.
You sometimes gain a little power by taking damage.


Message History

The efreet gestures at you. The bolt of fire hits you!
You hit the efreet but do no damage. Your headbutt misses the efreet.
The efreet is heavily wounded.
The efreet gestures at you.
The fireball explodes!
The fireball engulfs you!
You focus on the pain.
You feel your power returning.
The fireball engulfs the efreet.
The efreet completely resists.
You hit the efreet.
You headbutt the efreet, but do no damage.
The efreet is heavily wounded.
The efreet gestures at you.
The fireball explodes!
The fireball engulfs you!
* * * LOW HITPOINT WARNING * * *
The fireball engulfs the efreet.
The efreet completely resists.
You hit the efreet but do no damage. Your headbutt misses the efreet.
The efreet is heavily wounded.
The efreet gestures at you.
The fireball explodes!
The fireball engulfs you!
You die...

#.### #..#..##
###..##
#[[.###.##..# ###
..##[#.....##..# #
...........######.#
#
.#######.....###..#
# ..............##
#
#..ยง.#..#.(...).#
...).##.R..(.<..#
...!. ##@...[...#
....!###....######
.##..............#
.....#[....####.#
#.##....#...#
####.......
..........
............
...#####.#...


You could see an efreet.

Vanquished Creatures
  A flayed ghost (D:10)
  Pikel (D:4)
  A cyclops (D:11)
  Maurice (D:8)
  A komodo dragon (D:10)
  2 trolls
  Prince Ribbit (D:6)
  4 hippogriffs
  A wraith (D:11)
  2 wyverns
  10 yaks (D:10)
  2 hungry ghosts (D:7)
  Duvessa (D:5)
  An orc warrior (D:9)
  An ice beast (D:5)
  4 slaves (D:4)
  3 ogres
  A necrophage (D:7)
  6 centaurs
  2 crocodiles
  3 bullfrogs (D:8)
  2 big kobolds
  Dowan (D:5)
  A scorpion (D:5)
  A water moccasin skeleton (D:11)
  4 killer bees (D:9)
  11 wights
  3 electric eels (D:10)
  A howler monkey (D:11)
  3 crimson imps
  6 jellies
  A bullfrog zombie (D:11)
  Crazy Yiuf (D:4)
  9 orc wizards
  5 orc priests
  2 hounds
  Jessica (D:2)
  Terence (D:2)
  An iguana (D:5)
  10 worker ants
  2 hound skeletons
  2 worker ant zombies
  A howler monkey zombie (D:5)
  3 gnolls (D:2)
  9 adders
  3 river rats (Sewer)
  2 oozes (D:1)
  An adder zombie (D:8)
  An adder skeleton (D:4)
  3 worms
  4 dart slugs
  9 leopard geckos
  32 orcs
  21 giant cockroaches
  11 goblins
  6 hobgoblins
  7 jackals
  12 kobolds
  6 quokkas
  A ball python (D:2)
  3 bats
  4 frilled lizards
  A jackal skeleton (D:4)
  A jackal zombie (D:6)
  A quokka skeleton (D:4)
  9 rats
268 creatures vanquished.

Vanquished Creatures (others)
  An orc wizard (D:6)
  A plant (D:10)
2 creatures vanquished.

Grand Total: 270 creatures vanquished

Notes
Turn   | Place    | Note
-------+----------+-------------------------------------------
     0 | D:1      | WhatTheFk the Demonspawn Gladiator began the quest for the
                  | Orb.
     0 | D:1      | Reached XP level 1. HP: 16/16 MP: 1/1
    97 | D:1      | Reached skill level 3 in Axes
   112 | D:1      | Gained mutation: You regenerate a little health from kills.
                  | [demonic ancestry]
   112 | D:1      | Reached XP level 2. HP: 20/22 MP: 2/2
   564 | D:1      | Gained mutation: You have a pair of small horns on your
                  | head. [demonic ancestry]
   564 | D:1      | Reached XP level 3. HP: 23/27 MP: 3/3
  1015 | D:2      | Reached skill level 1 in Armour
  1091 | D:2      | Reached skill level 4 in Axes
  1091 | D:2      | Gained mutation: You are partially covered in rugged brown
                  | scales. (AC +1, +3% HP) [demonic ancestry]
  1091 | D:2      | Reached XP level 4. HP: 27/35 MP: 4/4
  1359 | D:2      | Noticed Jessica
  1372 | D:2      | Killed Jessica
  1457 | D:2      | Noticed Terence
  1606 | D:2      | Killed Terence
  1606 | D:2      | Reached XP level 5. HP: 41/41 MP: 5/5
  2019 | D:2      | Found a runed door.
  2149 | D:2      | Noticed Crazy Yiuf
  2413 | D:3      | Reached skill level 5 in Axes
  2432 | D:3      | Noticed an ogre
  2453 | D:3      | Killed an ogre
  2453 | D:3      | Gained mutation: You have a pair of horns on your head.
                  | [demonic ancestry]
  2453 | D:3      | Reached XP level 6. HP: 30/48 MP: 6/6
  2522 | D:3      | Found a glowing drain.
  2533 | Sewer    | Entered a sewer
  2647 | Sewer    | Found a glowing silver altar of Zin.
  2900 | D:3      | Found a radiant altar of Vehumet.
  3556 | D:4      | Killed Crazy Yiuf
  3803 | D:4      | Found a hazy altar of Hepliaklqana.
  3823 | D:4      | Reached skill level 6 in Axes
  3823 | D:4      | Reached XP level 7. HP: 47/53 MP: 7/7
  3876 | D:4      | Noticed Pikel
  3919 | D:4      | Killed Pikel
  3919 | D:4      | Reached skill level 7 in Axes
  3919 | D:4      | Reached XP level 8. HP: 51/61 MP: 8/8
  4182 | D:4      | Got a pitted amethyst amulet
  4223 | D:4      | Identified the amulet "Udwud" {Harm *Drain rF+ Stlth+} (You
                  | found it on level 4 of the Dungeon)
  4428 | D:4      | Found a shadowy altar of Dithmenos.
  4428 | D:4      | Found an ornate altar of the Wu Jian Council.
  4432 | D:4      | Became a worshipper of the Wu Jian Council
  4445 | D:5      | Entered Level 5 of the Dungeon
  4497 | D:5      | Noticed Duvessa
  4498 | D:5      | Noticed Dowan
  4508 | D:5      | Killed Duvessa
  4514 | D:5      | Killed Dowan
  4580 | D:5      | Reached skill level 8 in Axes
  4695 | D:5      | Found an iron altar of Okawaru.
  4695 | D:5      | Found a stormy altar of Qazlal.
  4975 | D:6      | Found a blossoming altar of Fedhas.
  5012 | D:6      | Reached * piety under Wu Jian
  5012 | D:6      | Reached skill level 5 in Armour
  5173 | D:6      | Found a staircase to the Ecumenical Temple.
  5303 | D:6      | Gained mutation: You sometimes gain a little power by
                  | taking damage. [demonic ancestry]
  5303 | D:6      | Reached XP level 9. HP: 53/69 MP: 9/9
  5342 | D:6      | Noticed Prince Ribbit
  5369 | D:6      | Found a deep blue altar of Sif Muna.
  5419 | D:6      | Killed Prince Ribbit
  5419 | D:6      | Reached skill level 5 in Fighting
  5419 | D:6      | Reached skill level 9 in Axes
  5481 | D:6      | Found a glowing golden altar of the Shining One.
  5502 | D:6      | Found a glowing silver altar of Zin.
  5503 | D:6      | Found an opulent altar of Gozag.
  6588 | D:8      | Reached ** piety under Wu Jian
  6800 | D:8      | Noticed Maurice
  6973 | D:8      | Reached skill level 10 in Axes
  7901 | D:8      | Killed Maurice
  7901 | D:8      | Gained mutation: You regenerate health from kills. [demonic
                  | ancestry]
  7901 | D:8      | Reached XP level 10. HP: 76/78 MP: 10/10
  8608 | D:9      | You fall through a shaft for 2 floors!
  8760 | D:11     | Reached skill level 11 in Axes
  8776 | D:11     | Reached *** piety under Wu Jian
  8795 | D:11     | Noticed a cyclops
  8806 | D:10     | Entered Level 10 of the Dungeon
  8964 | D:10     | Found a staircase to the Lair.
  9062 | D:10     | Reached skill level 1 in Shields
  9494 | D:10     | Noticed a seven-headed hydra
  9494 | D:10     | Noticed a flayed ghost
  9842 | D:10     | Killed a flayed ghost
  9842 | D:10     | Reached XP level 11. HP: 61/86 MP: 11/11
 10417 | D:10     | Reached skill level 12 in Axes
 10435 | D:10     | Reached skill level 1 in Evocations
 11146 | D:11     | Killed from afar by an efreet

Skill      XL: |  1  2  3  4  5  6  7  8  9 10 11 |
---------------+----------------------------------+-----
Axes           | 3 4 5 6 7 8 10 11 12 | 12.1
Armour         | 1 2 3 5 6 7 8 |  8.2
Fighting       | 3 4 6 7 |  7.3
Shields        | 1 2 |  2.0
Evocations     | 1 |  1.3
Throwing       | |  1.7
Dodging        | |  2.6

Action                   |  1- 3 |  4- 6 |  7- 9 | 10-12 || total
-------------------------+-------+-------+-------+-------++-------
Melee: War axe           |   104 |    56 |       |       ||   160
       Headbutt          |     4 |    23 |    49 |    73 ||   149
       Hand axe          |       |   122 |   124 |   275 ||   521
       Battleaxe         |       |       |   149 |    44 ||   193
Invok: Lunge             |       |       |     9 |    14 ||    23
       Whirlwind         |       |       |       |     4 ||     4
       Wall Jump         |       |       |       |     2 ||     2
Evoke: Wand              |       |       |       |     4 ||     4
  Use: Potion            |       |     2 |       |       ||     2
       Scroll            |       |     7 |     4 |       ||    11
 Stab: Sleeping          |     1 |     1 |       |       ||     2
       Paralysed         |       |       |       |     1 ||     1
  Eat: Chunk             |     1 |     7 |    16 |     9 ||    33
       Ration            |       |       |     1 |       ||     1
Armor: Leather armour    |    32 |    20 |       |       ||    52
       Chain mail        |       |    64 |   134 |   108 ||   306
Dodge: Dodged            |    70 |    70 |   100 |    61 ||   301
Block: Shield            |       |       |       |    70 ||    70
